 Dungeon Sprint DCSS version 0.19.5 (webtiles) character file.

996 strmesko the Bludgeoner (level 7, 0/99 HPs)
             Began as a Troll Berserker on Mar 19, 2017.
             Was a Priest of Trog.
             Succumbed to Sonja's curare-tipped needle
             ... in the Dungeon (Sprint I: "Red Sonja").
             The game lasted 00:02:58 (172 turns).

strmesko the Bludgeoner (Troll Berserker)            Turns: 172, Time: 00:02:59

Health: 0/99       AC:  5    Str: 33    XL:     7   Next: 99%
Magic:  6/6        EV: 10    Int:  3    God:    Trog [***...]
Gold:   297        SH:  0    Dex:  9    Spells: 0 memorised, 6 levels left

rFire  . . .     SeeInvis .     a - +0 mace
rCold  . . .     Gourm    +     b - +0 animal skin
rNeg   . . .     Faith    .     (no shield)
rPois  .         Spirit   .     (helmet restricted)
rElec  .         Reflect  .     (no cloak)
rCorr  .         Harm     .     (gloves unavailable)
MR     .....     NoTele   +     (boots unavailable)
Stlth  ..........               (no amulet)
                                (no ring)
                                (no ring)

@: berserking, lethally poisoned (0 -> -48), slowed
A: unfitting armour, claws 3, fast metabolism 3, gourmand, regeneration 1,
shaggy fur 1, tough skin 2
a: Berserk, Trog's Hand, Burn Spellbooks, Renounce Religion


You were in the Dungeon.
You worshipped Trog.
Trog was most pleased with you.
You were not hungry.

You visited 1 branch You collected 297 gold pieces.

Inventory:

Hand Weapons
 a - a +0 mace (weapon)
Armour
 b - a +0 animal skin (worn)
Scrolls
 i - a scroll of blinking
Potions
 d - a potion of curing
 f - a potion of haste
 g - 2 potions of magic
 h - a potion of berserk rage
Comestibles
 c - 2 bread rations


   Skills:
 - Level 2.4 Fighting
 + Level 15.3 Maces & Flails
 - Level 2.4 Dodging


You had 6 spell levels left.
You didn't know any spells.

Dungeon Overview and Level Annotations

Branches:
Dungeon (1/1)

Altars:
Cheibriados
Dithmenos
Elyvilon
Fedhas
Gozag
Hepliaklqana
Kikubaaqudgha
Nemelex Xobeh
Okawaru
Qazlal
Ru
Sif Muna
Trog
Uskayaw
Vehumet
Yredelemnul
Zin
The Shining One

Shops:
D *


Innate Abilities, Weirdness & Mutations

You are too large for most types of armour.
You have claws for hands.
Your metabolism is lightning-fast.
You like to eat raw meat.
Your natural rate of healing is unusually fast.
You are covered in fur. (AC +1)
You have very tough skin. (AC +2)


Message History

Unknown command.
* * * LOW HITPOINT WARNING * * *
You feel very sick.
There is an open door here.
You see here a curare-tipped needle.
You sock Sonja!
Sonja is heavily wounded.
* * * LOW HITPOINT WARNING * * *
You feel very sick.
Sonja unwields an uncursed blowgun.
Sonja wields an uncursed dagger of venom.
It begins to drip with poison!
Sonja closely misses you. x2
Sonja hits you but does no damage.
You sock Sonja!
You kill Sonja!
Trog accepts your kill.
Trog appreciates your killing of a magic user.
Your Maces & Flails skill gained 2 levels and is now at level 15!
You have reached level 7!
You die...

#<.#..').#.)'..#
#..'..#..'..#..+
#..#####'#####'#
#..####..#...#[#
#..#__####..##(#
#..#_____##'#..+
#⌠⌠#_.∩...'..._#
####_..__##_)#+#
#_____###@#
#########.##


+$($+ #$.$# ##.## #+# There were no monsters in sight!

Vanquished Creatures
  Sonja (D)
  Sigmund (D)
  A yak (D)
  An ogre (D)
  A jelly (D)
  Ijyb (D)
6 creatures vanquished.

Notes
Turn   | Place    | Note
-------+----------+-------------------------------------------
     0 | D        | strmesko the Troll Berserker began the quest for the Orb.
     0 | D        | Reached XP level 1. HP: 22/22 MP: 0/0
     1 | D        | Noticed Ijyb
     8 | D        | Killed Ijyb
     8 | D        | Reached skill level 5 in Maces & Flails
     8 | D        | Reached XP level 2. HP: 25/29 MP: 1/1
    15 | D        | Noticed an ogre
    20 | D        | Killed an ogre
    20 | D        | Reached skill level 8 in Maces & Flails
    20 | D        | Reached XP level 3. HP: 25/36 MP: 2/2
    20 | D        | Reached XP level 4. HP: 31/44 MP: 3/3
    53 | D        | Noticed Sigmund
    71 | D        | Killed Sigmund
    71 | D        | Reached ** piety under Trog
    71 | D        | Reached skill level 11 in Maces & Flails
    71 | D        | Reached XP level 5. HP: 37/50 MP: 4/4
    71 | D        | Reached XP level 6. HP: 44/59 MP: 5/5
    92 | D        | Found a deep blue altar of Sif Muna.
   112 | D        | Found a radiant altar of Vehumet.
   134 | D        | Found Viacw's Assorted Antiques.
   134 | D        | Found an ancient bone altar of Kikubaaqudgha.
   134 | D        | Found a hazy altar of Hepliaklqana.
   134 | D        | Found a hide-covered altar of Uskayaw.
   134 | D        | Found a basalt altar of Yredelemnul.
   134 | D        | Found an opulent altar of Gozag.
   134 | D        | Found a snail-covered altar of Cheibriados.
   134 | D        | Found a sacrificial altar of Ru.
   134 | D        | Found a shadowy altar of Dithmenos.
   134 | D        | Noticed a yak
   141 | D        | Killed a yak
   141 | D        | Reached skill level 13 in Maces & Flails
   142 | D        | Found a stormy altar of Qazlal.
   142 | D        | Found a blossoming altar of Fedhas.
   142 | D        | Found a bloodstained altar of Trog.
   142 | D        | Found an iron altar of Okawaru.
   142 | D        | Found a glowing golden altar of the Shining One.
   142 | D        | Found a glowing silver altar of Zin.
   142 | D        | Found a white marble altar of Elyvilon.
   143 | D        | Found a sparkling altar of Nemelex Xobeh.
   161 | D        | Noticed Sonja
   171 | D        | HP: 4/88 [poisoned by Sonja (curare-tipped needle)]
   172 | D        | Killed Sonja
   172 | D        | Reached *** piety under Trog
   172 | D        | Reached skill level 15 in Maces & Flails
   172 | D        | Reached XP level 7. HP: 4/66 MP: 6/6
   172 | D        | Succumbed to Sonja's curare-tipped needle

Skill      XL: |  1  2  3  4  5  6 |
---------------+-------------------+-----
Maces & Flails | 5 8 11 15 | 15.3
Fighting       | |  2.4
Dodging        | |  2.4

Action                   |  1- 3 |  4- 6 |  7- 9 || total
-------------------------+-------+-------+-------++-------
Melee: Mace              |     9 |    26 |       ||    35
Invok: Berserk           |     1 |     3 |       ||     4
  Use: Potion            |       |     1 |       ||     1
  Eat: Chunk             |       |     6 |       ||     6
Armor: Animal skin       |     1 |     6 |       ||     7
Dodge: Dodged            |     4 |    12 |       ||    16
